 Dungeon Crawl Stone Soup version 0.27-a0-679-g77a6b55cf3 (webtiles) character file.

Game seed: 12568350050036909352

452043 jasper the Executioner (level 23, 0/223 HPs)
             Began as a Minotaur Berserker on Mar 18, 2021.
             Was the Champion of Trog.
             Slain by an orc knight
             ... wielding a +0 war axe
              (29 damage)
             ... on level 3 of the Vaults.
             The game lasted 01:31:25 (50619 turns).

jasper the Executioner (Minotaur Berserker)        Turns: 50619, Time: 01:31:25

Health: 0/223      AC: 44    Str: 27    XL:     23   Next: 21%
Magic:  22/22      EV: 19    Int:  4    God:    Trog [******]
Gold:   2910       SH:  0    Dex: 26    Spells: 22/22 levels left

rFire    . . .     SeeInvis .   c - +8 frozen axe "Frostbite" {freezing cloud, *Noise +Fly rC+}
rCold    + + .     Faith    .   (shield currently unavailable)
rNeg     . . .     Spirit   .   o - +13 plate armour of the Hunter {Dex+4}
rPois    +         Reflect  .   a - +2 hat {Stlth+}
rElec    .         Harm     .   e - +2 cloak {Will+}
rCorr    .         Rampage  +   f - +2 pair of gloves {Stlth+}
Will     +++++                  G - +2 pair of boots {rampage}
Stlth    +.........             m - amulet "Fotzia" {Regen+ Dex+4}
HPRegen  2.47/turn              g - ring of the Shrike {Ice rPois Will+ Str+3 Stlth+}
MPRegen  0.18/turn              K - ring of protection from fire

@: regenerating
A: horns 2, retaliatory headbutt
}: 2/15 runes: serpentine, barnacled
a: Renounce Religion, Evoke Flight, Berserk, Trog's Hand, Brothers in Arms


You were on level 3 of the Vaults.
You worshipped Trog.
Trog was exalted by your worship.
You visited 7 branches of the dungeon, and saw 37 of its levels.
You visited the Abyss 1 time.
You also visited: Trove, Ice Cave and Volcano.

You collected 5163 gold pieces.
You spent 2253 gold pieces at shops.

Inventory:

Hand Weapons
 c - the +8 frozen axe "Frostbite" (weapon) {freezing cloud, *Noise +Fly rC+}
   (You found it on level 4 of the Shoals)

   It has been specially enchanted to freeze those struck by it, causing extra
   injury to most foes and up to half again as much damage against particularly
   susceptible opponents.
   It can also slow down cold-blooded creatures.
   It protects you from cold.
   It lets you fly.
   It may make noises in combat.
 p - a +7 antimagic battleaxe
 Y - a +4 executioner's axe of freezing
 Z - the +3 sling "Punk" {acid, rCorr}
   (You found it on level 15 of the Dungeon)

   It provides partial protection from all sources of acid and corrosion.
Missiles
 h - 1065 stones (quivered)
 t - 77 javelins
 u - 9 throwing nets
 y - 8 silver boomerangs
Armour
 a - a +2 hat of stealth (worn)
 e - a +2 cloak of willpower (worn)
 f - a +2 pair of gloves of stealth (worn)
 o - the +13 plate armour of the Hunter (worn) {Dex+4}
   (You found it on level 2 of the Shoals)

   It affects your dexterity (+4).
 G - a +2 pair of boots of rampaging (worn)
Jewellery
 g - the ring of the Shrike (right hand) {Ice rPois Will+ Str+3 Stlth+}
   (You found it in a treasure trove)

   [ring of ice]

   It enhances your ice magic.
   It affects your strength (+3).
   It makes you vulnerable to fire.
   It protects you from cold.
   It protects you from poison.
   It affects your willpower, your defense against some magical effects.
   It makes you more stealthy.
 k - a ring of positive energy
 m - the amulet "Fotzia" (around neck) {Regen+ Dex+4}
   (You took it off a deep elf demonologist on level 3 of the Elven Halls)

   [amulet of regeneration]

   It affects your dexterity (+4).
   It increases your rate of regeneration.
 C - a ring of protection from fire
 K - a ring of protection from fire (left hand)
 S - the ring of Cyuviqyq {+Fly rPois rN+}
   (You found it in a treasure trove)

   [ring of positive energy]

   It protects you from poison.
   It protects you from negative energy.
   It lets you fly.
 W - the ring "Vicwomiw" {+Fly rElec rN+}
   (You found it in a treasure trove)

   [ring of positive energy]

   It insulates you from electricity.
   It protects you from negative energy.
   It lets you fly.
Wands
 b - a wand of flame (53)
 i - a wand of mindburst (42)
 F - a wand of digging (13)
 M - a wand of acid (26)
 O - a wand of paralysis (30)
 V - a wand of iceblast (9)
Scrolls
 j - 6 scrolls of fog
 l - 2 scrolls of torment
 r - a scroll of summoning
 z - a scroll of silence
 A - a scroll of blinking
 H - 9 scrolls of immolation
 J - 2 scrolls of fear
 L - a scroll of holy word
 N - 10 scrolls of identify
 Q - 5 scrolls of enchant armour
 T - 3 scrolls of magic mapping
 U - 10 scrolls of teleportation
Potions
 d - 23 potions of curing
 n - 10 potions of haste
 q - 5 potions of lignification
 w - 3 potions of invisibility
 x - 4 potions of cancellation
 B - 6 potions of heal wounds
 D - 3 potions of might
 E - 11 potions of ambrosia
 I - 5 potions of flight
 P - 5 potions of mutation
 X - 9 potions of resistance
Miscellaneous
 s - a phantom mirror
 v - a tin of tremorstones (2/2)
 R - a condenser vane


   Skills:
 * Level 22.0 Fighting
 - Level 26.0 Axes
 - Level 14.0 Slings
 + Level 18.6 Armour
 + Level 13.9 Dodging
 + Level 12.7 Evocations


You had 22 spell levels left.
You didn't know any spells.
Your spell library was empty.

Dungeon Overview and Level Annotations

Branches:
Dungeon (15/15)            Temple (0/1) D:4            Lair (6/6) D:9
 Shoals (4/4) Lair:3        Snake (4/4) Lair:4        Slime (0/5) Lair:5
    Orc (2/2) D:9             Elf (3/3) Orc:2        Vaults (3/5) D:13
  Crypt (0/3) Vaults:2     Depths (0/5) D:15          IceCv (visited)
Volcano (visited)

Altars:
Gozag
Kikubaaqudgha
Qazlal
Trog
Uskayaw
Wu Jian
Xom
Beogh
Jiyva

Shops:
D:7 *   D:9 :   D:10 (((*!   Orc:2 [![*   Vaults:2 ![

Annotations:
D:4 2 transporters, Egg's ghost, amateur OpIE
D:6 1 exclusion
D:10 5 transporters
D:13 exclusion: ice statue
Lair:6 exclusion: 3 oklob plants
Shoals:2 Roxanne
Vaults:2 6 runed translucent doors


Innate Abilities, Weirdness & Mutations

You have a pair of horns on your head.
You reflexively headbutt those who attack you in melee.


Message History

You slice the deep troll!! You freeze the deep troll!
You kill the deep troll!
Trog accepts your kill.
You hit the orc knight. You freeze the orc knight. You slice the deep troll!!
You freeze the deep troll!
The orc knight hits you from afar with a +0 bardiche!
You take 13 damage, and have 85/223 hp.
An ironbound preserver comes into view. It is wielding a +0 flail.
The ironbound preserver shouts!
The orc knight hits you but does no damage.
The deep troll bites you but does no damage.
The deep troll claws you but does no damage.
The deep troll claws you!
The orc knight hits you but does no damage.
A yaktaur comes into view.
You take 5 damage, and have 80/223 hp.
You slice the orc knight!! You freeze the orc knight.
You hear the crash of icebergs colliding.
You headbutt the orc knight.
The orc knight is severely wounded.
You slice the orc knight!! You freeze the orc knight.
You closely miss the deep troll.
You hear a shout!
The orc knight hits you with a +0 war axe!!
* * * LOW HITPOINT WARNING * * *
The deep troll misses you. The deep troll completely misses you.
The deep troll claws you but does no damage.
An ironbound convoker comes into view. It is wielding a +0 flail.
You take 17 damage, and have 63/223 hp.
You slash the orc knight! You freeze the orc knight.
The orc knight is almost dead.
You slash the orc knight! You freeze the orc knight.
You closely miss the deep troll.
The orc knight no longer looks unusually strong.
The orc knight hits you with a +0 bardiche!!
* * * LOW HITPOINT WARNING * * *
The yaktaur wields a +0 arbalest.
The yaktaur shoots a bolt.
The bolt hits you!
* * * LOW HITPOINT WARNING * * *
The orc knight hits you with a +0 war axe!!
You die...

#.........#.
#.........#
#.........###
#.....[......
#...........p
#^...........
#.....o.T.p..
#...o@T#
#....).#
#...))[#
..#...)..#
..#....†)#
..'......#
..'......#
..#.....c######
#
..+[...........
..


You could see an ironbound preserver, 2 orc knights, 2 deep trolls, an ironbound
convoker and a yaktaur.

Vanquished Creatures
  The ghost of Qanuace the Warrior, a veteran DsFi of Okawaru (Vaults:2)
  4 deep elf blademasters
  The ghost of krigyl the Severer, an adept DDFi of Makhleb (Shoals:4)
  2 deep elf master archers (Elf:3)
  2 ancient champions (Vaults:2)
  A titan (Shoals:2)
  Gastronok (Lair:1)
  Kirke (Lair:4)
  A sphinx (Vaults:3)
  Donald (Orc:2)
  15 nagarajas
  A tengu reaver (Vaults:2)
  Ilsuiw (Shoals:2)
  The ghost of Witt the Fighter, an adept GrFi of Ashenzari (Shoals:1)
  2 orc warlords
  8 deep elf sorcerers
  6 vault wardens
  Aizul (Snake:2)
  4 frost giants
  5 deep elf elementalists (Elf:3)
  2 stone giants (Shoals:1)
  12 ironbound preservers
  7 very ugly things
  Nessos (D:14)
  7 deep elf demonologists (Elf:3)
  3 entropy weavers (Vaults:1)
  4 dire elephants (Vaults:2)
  The ghost of Pinouros the Devastator, a journeyman DECj of Vehumet (Lair:5)
  Azrael (Snake:3)
  8 deep elf annihilators (Elf:3)
  6 merfolk javelineers
  10 deep elf death magi
  8 merfolk impalers
  6 yaktaur captains
  7 deep elf high priests
  5 ironbound thunderhulks
  The ghost of chippings the Cleaver, a journeyman PaBe of Trog (Orc:1)
  A great orb of eyes (Vaults:1)
  5 vault guards
  4 catoblepae
  28 naga warriors
  9 hydras
  9 boulder beetles
  4 ironbound frosthearts
  11 merfolk avatars
  2 alligator snapping turtles
  7 merfolk aquamancers
  A death knight (D:14)
  27 dancing weapons
  6 anacondas
  17 centaur warriors
  3 death yaks
  6 satyrs
  3 tengu warriors
  A vampire mage (Vaults:2)
  13 naga sharpshooters
  3 ironbound beastmasters (Vaults:2)
  7 shock serpents
  4 two-headed ogres
  5 orc high priests (Orc:2)
  Urug (Lair:4)
  2 fire crabs
  19 deep elf knights
  A fire crab (shapeshifter) (D:15)
  40 deep trolls
  An unseen horror (shapeshifter) (D:15)
  6 salamander mystics
  3 unseen horrors
  10 deep elf archers
  A glowing orange brain (D:15)
  7 naga ritualists (Snake:4)
  9 sea snakes
  8 ironbound convokers
  A lindwurm (shapeshifter) (Vaults:1)
  26 deep elf pyromancers
  11 harpies (Shoals:3)
  32 deep elf zephyrmancers
  A phantasmal warrior (Vaults:2)
  A wolf spider zombie (D:13)
  8 wizards
  2 lindwurms
  8 orc knights
  7 mana vipers
  An orc sorcerer (Elf:3)
  32 ugly things
  The ghost of Snicker the Sneak, a novice DsBr of Gozag (D:6)
  An orb spider (shapeshifter) (D:14)
  2 oklob plants
  13 cyclopes
  18 manticores
  12 salamanders
  13 fauns
  15 elephants
  5 water nymphs
  10 merfolk sirens
  2 centaur zombies
  Joseph (Lair:1)
  An ice statue (IceCv)
  12 vault sentinels
  32 black mambas
  A torpor snail (Lair:6)
  9 guardian serpents
  23 naga magi
  2 gargoyles (D:11)
  8 cane toads
  A freezing wraith (D:15)
  8 rime drakes
  22 yaktaurs
  4 komodo dragons
  A redback zombie (D:13)
  2 efreet
  15 polar bears (IceCv)
  A queen bee (shapeshifter) (D:15)
  2 queen bees
  39 merfolk
  3 meliai (D:12)
  7 trolls
  2 hornets
  6 dream sheep
  16 blink frogs
  22 slime creatures
  A harpy skeleton (D:13)
  2 meliai zombies
  13 snapping turtles
  8 wind drakes
  7 redbacks (Vaults:1)
  Sigmund (D:2)
  A spriggan (shapeshifter) (D:13)
  A shadow (D:14)
  18 water elementals
  A vampire (D:7)
  70 yaks
  3 air elementals
  6 hogs (Lair:4)
  A tarantella (Vaults:1)
  5 wraiths
  2 fire bats (Volcano)
  2 tarantellas (shapeshifter) (D:15)
  5 basilisks
  5 wyverns
  2 death yak simulacra (Lair:5)
  4 fire elementals
  2 steam dragons (Volcano)
  5 wargs
  4 vampire mosquitoes (D:13)
  A soldier ant (D:11)
  73 nagas
  13 water moccasins
  4 hell hounds
  An acid dragon (D:14)
  A hydra simulacrum (Lair:5)
  24 orc warriors
  10 ice beasts
  4 sky beasts
  A black mamba simulacrum (Lair:5)
  13 ogres
  A black bear (Lair:3)
  A necrophage (D:9)
  An ettin simulacrum (Vaults:2)
  A wolf (shapeshifter) (Elf:2)
  24 wolves
  27 centaurs
  10 kobold brigands
  2 gnoll sergeants
  5 earth elementals
  19 bullfrogs
  4 scorpions
  3 wyvern skeletons
  40 killer bees
  13 wights
  6 howler monkeys
  2 torpor snail simulacra (Lair:5)
  2 electric eels (D:14)
  2 quasits
  5 hounds
  A bullfrog zombie (D:12)
  5 centaur skeletons
  53 orc priests
  6 jellies
  3 bullfrog skeletons
  7 iguanas
  28 orc wizards
  16 worker ants
  2 hound zombies
  A hound skeleton (D:4)
  6 gnolls
  A worker ant zombie (D:5)
  9 adders
  A shadow imp (D:8)
  5 white imps
  An ufetubus (D:7)
  3 oozes
  An adder zombie (D:8)
  An adder skeleton (D:5)
  7 worms
  4 dart slugs
  6 leopard geckos
  112 orcs
  6 giant cockroaches
  6 goblins
  9 hobgoblins
  A jackal (D:4)
  17 kobolds
  6 quokkas
  A ball python (D:4)
  A ball python skeleton (D:4)
  4 bats
  9 frilled lizards
  2 leopard gecko skeletons
  A quokka skeleton (D:4)
  8 rats
  A fungus (Lair:6)
1727 creatures vanquished.

Vanquished Creatures (collateral kills)
  Rupert (D:13)
  Louise (D:14)
  A naga warrior (Snake:4)
  An ugly thing (D:13)
  A shadow (D:14)
  A naga (Snake:4)
6 creatures vanquished.

Vanquished Creatures (others)
  A deep elf knight (Elf:2)
  A water elemental (Elf:2)
  A black bear (D:11)
  An adder (D:11)
  21 fungi
  156 plants
181 creatures vanquished.

Grand Total: 1914 creatures vanquished

Notes
Turn   | Place    | Note
-------+----------+-------------------------------------------
     0 | D:1      | jasper the Minotaur Berserker began the quest for the Orb.
     0 | D:1      | Reached XP level 1. HP: 19/19 MP: 0/0
   218 | D:1      | Reached skill level 4 in Axes
   474 | D:1      | Reached XP level 2. HP: 26/26 MP: 1/1
   600 | D:1      | Reached ** piety under Trog
   806 | D:2      | Reached skill level 5 in Axes
   907 | D:2      | Reached XP level 3. HP: 31/31 MP: 2/2
  1196 | D:2      | Reached skill level 6 in Axes
  1196 | D:2      | Reached XP level 4. HP: 39/39 MP: 3/3
  1818 | D:2      | Noticed Sigmund
  1825 | D:2      | Killed Sigmund
  1826 | D:2      | Reached skill level 8 in Axes
  1826 | D:2      | Reached XP level 5. HP: 45/45 MP: 4/4
  2032 | D:3      | Found an ornate altar of the Wu Jian Council.
  2226 | D:3      | Reached XP level 6. HP: 51/51 MP: 5/5
  2744 | D:4      | Found a transporter.
  2746 | D:4      | Noticed Egg's ghost (amateur OpIE)
  2763 | D:4      | Found a transporter.
  2867 | D:4      | Reached *** piety under Trog
  3192 | D:4      | Reached skill level 9 in Axes
  3489 | D:4      | Found a staircase to the Ecumenical Temple.
  3634 | D:4      | Reached XP level 7. HP: 50/59 MP: 6/6
  4067 | D:5      | Entered Level 5 of the Dungeon
  4263 | D:5      | Reached skill level 10 in Axes
  4728 | D:5      | Reached skill level 5 in Fighting
  4882 | D:5      | Reached XP level 8. HP: 68/68 MP: 7/7
  5194 | D:6      | Noticed a moth of wrath
  5226 | D:6      | Identified the +0 chain mail "Zuicifaa" {rN++ Str+3}
  5243 | D:6      | Found an ancient bone altar of Kikubaaqudgha.
  5243 | D:6      | Found an opulent altar of Gozag.
  5289 | D:6      | Reached skill level 5 in Armour
  5296 | D:6      | Reached skill level 11 in Axes
  5470 | D:6      | Found a runed translucent gate.
  5470 | D:6      | Found a runed translucent gate.
  5470 | D:6      | Found a runed translucent gate.
  5472 | D:6      | Noticed Snicker's ghost (novice DsBr)
  5744 | D:6      | Found a bloodstained altar of Trog.
  5768 | D:6      | Reached **** piety under Trog
  6385 | D:7      | Found Raddum's Assorted Antiques.
  6388 | D:7      | Bought a scroll labelled DINIGAOMIA for 33 gold pieces
  6388 | D:7      | Bought a viscous blue potion for 29 gold pieces
  6388 | D:7      | Bought a scroll of identify for 66 gold pieces
  6388 | D:7      | Bought a scroll of fog for 66 gold pieces
  6657 | D:7      | Reached XP level 9. HP: 59/78 MP: 8/8
  7119 | D:8      | Reached skill level 12 in Axes
  7287 | D:8      | Noticed a two-headed ogre
  7296 | D:8      | Killed a two-headed ogre
  7429 | D:8      | Reached skill level 13 in Axes
  8320 | D:9      | Reached XP level 10. HP: 89/90 MP: 9/9
  8373 | D:9      | Reached skill level 10 in Fighting
  8373 | D:9      | Reached skill level 15 in Axes
  8373 | D:9      | Reached skill level 10 in Armour
  8373 | D:9      | Reached XP level 11. HP: 101/101 MP: 10/10
  8762 | D:9      | Reached skill level 1 in Evocations
  8944 | D:9      | Found a staircase to the Lair.
  9070 | D:9      | Found Obrad's Book Shoppe.
  9138 | D:9      | Found a staircase to the Orcish Mines.
  9902 | Orc:1    | Entered Level 1 of the Orcish Mines
  9926 | D:10     | Entered Level 10 of the Dungeon
  9945 | D:10     | Reached ***** piety under Trog
 10054 | D:10     | Found Qiolic's Weapon Shop.
 10060 | D:10     | Found Vetemiuj's Antique Weapon Boutique.
 10077 | D:10     | Found Vacelugha's Antique Weapon Boutique.
 10129 | D:10     | Found a hide-covered altar of Uskayaw.
 10139 | D:10     | Found Feiguudd's Assorted Antiques.
 10171 | D:10     | Found Ceaff's Distillery.
 10177 | D:10     | Bought a scroll labelled NUHANE XUTS for 24 gold pieces
 10177 | D:10     | Bought a potion of curing for 72 gold pieces
 10177 | D:10     | Bought a scroll of identify for 48 gold pieces
 10214 | D:10     | Bought a potion of heal wounds for 60 gold pieces
 10352 | D:10     | Found the ring of Shadows {Umbra +Inv Stlth+}
 10361 | D:10     | Found a transporter.
 10363 | D:10     | Noticed a frost giant
 10364 | D:10     | Found a transporter.
 10379 | D:10     | Found a transporter.
 10463 | D:10     | Found a transporter.
 10486 | D:10     | Found a transporter.
 10619 | D:10     | Noticed a two-headed ogre
 10629 | D:10     | Killed a two-headed ogre
 11627 | D:11     | Killed an unseen horror
 11792 | D:11     | Noticed a purple ugly thing
 11795 | D:11     | Noticed a white ugly thing
 11809 | D:11     | Killed a purple ugly thing
 11812 | D:11     | Killed a white ugly thing
 12424 | Lair:1   | Entered Level 1 of the Lair of Beasts
 12557 | Lair:1   | Reached skill level 5 in Evocations
 12557 | Lair:1   | Reached XP level 12. HP: 103/112 MP: 11/11
 12729 | Lair:1   | Noticed Joseph
 12741 | Lair:1   | Killed Joseph
 12800 | Lair:1   | Noticed Gastronok
 12814 | Lair:1   | Killed Gastronok
 12815 | Lair:1   | Reached skill level 16 in Axes
 12884 | Lair:1   | Received a gift from Trog
 13759 | Lair:2   | Reached skill level 17 in Axes
 15331 | Lair:3   | Reached skill level 18 in Axes
 15336 | Lair:3   | Found a dark tunnel.
 15450 | Volcano  | Entered a volcano
 15846 | Volcano  | Identified the +0 pair of boots of Hedging {rPois Dex-4
                  | SInv Stlth+}
 15917 | Volcano  | Reached XP level 13. HP: 85/118 MP: 12/12
 16636 | Lair:3   | Found a staircase to the Shoals.
 16991 | Lair:4   | Reached skill level 19 in Axes
 17053 | Lair:4   | Noticed Urug
 17071 | Lair:4   | Killed Urug
 17243 | Lair:4   | Found a staircase to the Snake Pit.
 17358 | Lair:4   | Noticed Kirke
 17373 | Lair:4   | Killed Kirke
 17834 | Lair:4   | Reached skill level 20 in Axes
 18010 | Lair:5   | Found a frozen archway.
 18050 | IceCv    | Entered an ice cave
 18516 | IceCv    | Noticed a frost giant
 18527 | IceCv    | Killed a frost giant
 18545 | IceCv    | Reached XP level 14. HP: 129/129 MP: 13/13
 19016 | Lair:5   | You fall into a shaft and drop 1 floor!
 19016 | Lair:6   | Entered Level 6 of the Lair of Beasts
 19072 | Lair:6   | Reached skill level 5 in Dodging
 19254 | Lair:5   | Found a viscous altar of Jiyva.
 19254 | Lair:5   | Found a staircase to the Slime Pits.
 19260 | Lair:5   | Found a runed translucent gate.
 19260 | Lair:5   | Found a runed translucent gate.
 19260 | Lair:5   | Found a runed translucent gate.
 19758 | Lair:5   | Noticed Pinouros's ghost (journeyman DECj)
 20082 | Lair:6   | Received a gift from Trog
 20815 | Lair:6   | Identified the +5 hunting sling "With Two Names" {speed,
                  | rElec rF++ rN+ Will-}
 21261 | Orc:1    | HP: 6/133 [orc warrior/+0 halberd[an orc knight] (6)]
 21910 | Orc:2    | Entered Level 2 of the Orcish Mines
 21917 | Orc:2    | Received a gift from Trog
 21967 | Orc:1    | Reached ****** piety under Trog
 21971 | Orc:1    | Reached skill level 15 in Fighting
 22140 | Orc:2    | Found Bolanopi's Distillery.
 22140 | Orc:2    | Found Beixzatu's Assorted Antiques.
 22280 | Orc:2    | Noticed Donald
 22293 | Orc:2    | Killed Donald
 22294 | Orc:2    | Reached XP level 15. HP: 104/141 MP: 14/14
 22346 | Orc:2    | Found a staircase to the Elven Halls.
 22360 | Orc:2    | Found Patt's Antique Armour Emporium.
 22390 | Orc:2    | Bought a pair of embroidered gloves for 157 gold pieces
 22597 | Orc:2    | Received a gift from Trog
 22733 | Orc:2    | Found Ituakyewkur's General Store.
 22749 | Orc:2    | Bought a scroll of enchant armour for 120 gold pieces
 22766 | Orc:2    | Found Woitaes's Armour Shop.
 22902 | Orc:1    | Found a runed translucent door.
 22902 | Orc:1    | Found a shimmering altar of Xom.
 22902 | Orc:1    | Noticed chippings's ghost (journeyman PaBe)
 23013 | Orc:1    | Killed chippings's ghost
 23053 | Orc:1    | You fall into a shaft and drop 1 floor!
 23089 | Orc:2    | Bought a potion of haste for 120 gold pieces
 23089 | Orc:2    | Bought 2 potions of resistance for 240 gold pieces
 23089 | Orc:2    | Bought a potion of resistance for 120 gold pieces
 23089 | Orc:2    | Bought a potion of heal wounds for 60 gold pieces
 23089 | Orc:2    | Bought a potion of curing for 36 gold pieces
 23089 | Orc:2    | Bought a potion of heal wounds for 60 gold pieces
 23089 | Orc:2    | Bought 2 potions of curing for 72 gold pieces
 23185 | D:10     | Bought a potion of heal wounds for 60 gold pieces
 23185 | D:10     | Bought a potion of resistance for 120 gold pieces
 23185 | D:10     | Bought a potion of heal wounds for 60 gold pieces
 23185 | D:10     | Bought a potion of haste for 120 gold pieces
 23185 | D:10     | Bought a potion of resistance for 120 gold pieces
 23185 | D:10     | Bought a potion of heal wounds for 60 gold pieces
 23185 | D:10     | Bought a potion of magic for 96 gold pieces
 23239 | D:12     | You fall into a shaft and drop 1 floor!
 23305 | D:13     | Noticed Rupert
 23323 | D:13     | Killed Rupert
 23379 | D:13     | Received a gift from Trog
 23429 | D:13     | Found a gate to the Vaults.
 23887 | D:14     | Noticed Louise
 23904 | D:14     | Killed Louise
 24378 | D:14     | Found the +13 scythe of Curses {drain, *Drain}
 24491 | D:14     | Received a gift from Trog
 24493 | D:14     | Noticed Nessos
 24502 | D:14     | Killed Nessos
 24739 | D:14     | Reached XP level 16. HP: 127/155 MP: 15/15
 24907 | D:15     | Entered Level 15 of the Dungeon
 25079 | D:15     | Found the +3 sling "Punk" {acid, rCorr}
 25196 | D:15     | Identified the ring "Efuff" {Fire Stlth+}
 25347 | D:15     | Reached skill level 15 in Armour
 25436 | D:15     | Found a staircase to the Depths.
 25599 | D:15     | Reached skill level 10 in Dodging
 25800 | D:12     | Reached skill level 10 in Evocations
 25805 | D:12     | Reached skill level 1 in Slings
 25819 | D:12     | Found a shimmering altar of Xom.
 26147 | D:12     | Found a portal to a secret trove of treasure.
 26619 | D:12     | You paid a toll of a +6 demon trident to enter a treasure
                  | trove
 26620 | Trove    | Entered a treasure trove
 26627 | Trove    | Identified the ring of the Shrike {Ice rPois Will+ Str+3
                  | Stlth+}
 26629 | Trove    | Identified the amulet of Gicedera {Reflect +Blink rElec
                  | SH+5}
 26633 | Trove    | Identified the ring of Cyuviqyq {+Fly rPois rN+}
 26637 | Trove    | Identified the amulet of the Equinox {Spirit Will- Str+9
                  | Dex+3 Slay-4}
 26646 | Trove    | Identified the ring "Nelekhi" {EV+4 Dex+2}
 26647 | Trove    | Identified the ring "Vicwomiw" {+Fly rElec rN+}
 26648 | Trove    | Identified the ring "Yjusk" {+Fly rF+ MP+9 Int+2}
 26649 | Trove    | Identified the ring "Vamnoil" {rPois AC+4}
 26650 | Trove    | Identified the amulet "Zaixtof" {Reflect rN+ Int+3 SH+5}
 27159 | Snake:1  | Entered Level 1 of the Snake Pit
 27866 | Snake:1  | Reached skill level 5 in Slings
 29194 | Snake:2  | Received a gift from Trog
 30044 | Snake:2  | Identified the +3 war axe "Jaughy" {vamp, rElec rC+}
 30072 | Snake:2  | Reached skill level 10 in Slings
 30241 | Snake:2  | Reached XP level 17. HP: 132/162 MP: 16/16
 30598 | Snake:3  | Noticed Azrael
 31472 | Snake:3  | Received a gift from Trog
 31489 | Snake:3  | Killed Azrael
 32081 | Snake:3  | Noticed Aizul
 32114 | Snake:2  | Killed Aizul
 32623 | Snake:4  | Entered Level 4 of the Snake Pit
 33820 | Snake:4  | Received a gift from Trog
 34168 | Snake:4  | Found a hide-covered altar of Uskayaw.
 35258 | Snake:4  | Reached XP level 18. HP: 156/172 MP: 17/17
 35260 | Snake:4  | Received a gift from Trog
 35916 | Snake:4  | Got a serpentine rune of Zot
 36552 | Shoals:1 | Entered Level 1 of the Shoals
 36621 | Shoals:1 | Received a gift from Trog
 37202 | Shoals:1 | Found a runed translucent door.
 37203 | Shoals:1 | Noticed Witt's ghost (adept GrFi)
 37233 | Shoals:1 | Killed Witt's ghost
 38462 | Shoals:2 | Noticed Ilsuiw
 38471 | Shoals:2 | Killed Ilsuiw
 38928 | Shoals:2 | Received a gift from Trog
 39454 | Shoals:2 | Identified the +13 plate armour of the Hunter {Dex+4}
 39552 | Shoals:2 | Identified Roxanne's Compendium of Changing
 39552 | Shoals:2 | Noticed Roxanne
 39740 | Shoals:3 | Found a runed translucent door.
 39938 | Shoals:3 | Reached XP level 19. HP: 184/184 MP: 18/18
 40668 | Shoals:4 | Entered Level 4 of the Shoals
 41509 | Shoals:4 | Found a runed translucent door.
 41513 | Shoals:4 | Noticed krigyl's ghost (adept DDFi)
 41670 | Shoals:4 | Received a gift from Trog
 42267 | Shoals:4 | Found a stormy altar of Qazlal.
 42429 | Shoals:4 | Found the +8 frozen axe "Frostbite" {freezing cloud, *Noise
                  | +Fly rC+}
 42838 | Shoals:4 | Got a barnacled rune of Zot
 42936 | Shoals:4 | Killed krigyl's ghost
 43055 | Lair:5   | Killed Pinouros's ghost
 43315 | D:6      | Killed Snicker's ghost
 43316 | D:6      | Cast into level 2 of the Abyss (kobold brigand)
 43316 | Abyss:2  | Found a corrupted altar of Lugonu.
 43322 | D:6      | Escaped the Abyss
 43476 | Elf:1    | Entered Level 1 of the Elven Halls
 43481 | Elf:1    | Received a gift from Trog
 44058 | Elf:1    | Reached XP level 20. HP: 198/198 MP: 19/19
 44376 | Elf:2    | Received a gift from Trog
 44450 | Elf:2    | Reached XP level 21. HP: 204/204 MP: 20/20
 44484 | Elf:2    | Reached skill level 21 in Axes
 44563 | Elf:2    | Found a runed translucent gate.
 44563 | Elf:2    | Found a runed translucent gate.
 44564 | Elf:2    | Found a runed translucent gate.
 44945 | Elf:2    | Received a gift from Trog
 45378 | Elf:3    | Entered Level 3 of the Elven Halls
 45405 | Elf:3    | Reached skill level 22 in Axes
 45716 | Elf:3    | Received a gift from Trog
 46626 | Elf:3    | Reached skill level 23 in Axes
 46632 | Elf:3    | Identified the +2 ring mail of Buuc {Dex+3}
 46882 | Elf:3    | Received a gift from Trog
 46918 | Elf:3    | Identified the amulet "Fotzia" {Regen+ Dex+4}
 46954 | Elf:3    | Identified the +1 scale mail of Aheostrus {*Contam +Inv
                  | rF++}
 47170 | Elf:3    | Reached skill level 24 in Axes
 47754 | Vaults:1 | Entered Level 1 of the Vaults
 47881 | Vaults:1 | Reached XP level 22. HP: 180/213 MP: 21/21
 47908 | Vaults:1 | Received a gift from Trog
 48052 | Vaults:1 | Reached skill level 25 in Axes
 48828 | Vaults:2 | Found a large runed translucent door.
 48828 | Vaults:2 | Found a large runed translucent door.
 48828 | Vaults:2 | Found a large runed translucent door.
 48828 | Vaults:2 | Found a large runed translucent door.
 48828 | Vaults:2 | Noticed Qanuace's ghost (veteran DsFi)
 48829 | Vaults:2 | Identified the +0 battleaxe of Ronaisif {vorpal, +Fly rF+
                  | Str+3 Int+3}
 48829 | Vaults:2 | Found a large runed translucent door.
 48829 | Vaults:2 | Found a large runed translucent door.
 48829 | Vaults:2 | Found a large runed translucent door.
 48829 | Vaults:2 | Found a large runed translucent door.
 48852 | Vaults:2 | Killed Qanuace's ghost
 48854 | Vaults:2 | Reached skill level 26 in Axes
 49258 | Vaults:2 | Received a gift from Trog
 49452 | Vaults:2 | Found a staircase to the Crypt.
 49535 | Vaults:2 | Found Hugo's Distillery.
 49543 | Vaults:2 | Bought a potion of heal wounds for 90 gold pieces
 49543 | Vaults:2 | Bought a potion of curing for 54 gold pieces
 49543 | Vaults:2 | Bought a potion of heal wounds for 90 gold pieces
 49956 | Vaults:2 | Found Juzaib's Armour Shop.
 50354 | Vaults:3 | Reached XP level 23. HP: 119/222 MP: 22/22
 50619 | Vaults:3 | Slain by an orc knight

Illustrated notes

Levels and vault maps discovered:
D:1:      psy_arrival_spokes, layout_basic
D:2:      minmay_angry_zag, layout_loops_cross, uniq_sigmund
D:3:      layout_loops_ring, general_overflow_altar, minmay_misc_feat_doors,
          serial_park_tiny_pond
D:4:      minmay_chambers_of_twos, layout_loops_cross,
          minmay_temple_entry_overgrown, gammafunk_ghost_stat_death
D:5:      layout_basic, minmay_statues_item
D:6:      layout_basic, grunt_temple_overflow_open, tgw_trog,
          gammafunk_ghost_nasty_kobolds
D:7:      layout_rooms, serial_shops, kennysheep_mini,
          chequers_decorated_corner, chequers_serial_rivers_large_b
D:8:      layout_cave_pods
D:9:      layout_grid_maze, minmay_lair_entry_grove, orc_0_dummy, serial_shops,
          nicolae_shop_behind_doors
D:10:     gammafunk_the_bubble [the_bubble_gammafunk_roulette],
          layout_small_grid, serial_shops,
          nicolae_shop_competitors_out_of_business, nicolae_shop_behind_doors,
          shop, shop, shop_statue, basic_altar
D:11:     layout_gridville, lemuel_flamethrower_2
D:12:     layout_cave_pools, trove_entry_hex_spiral, special_room
          [special_room_bee], basic_altar
D:13:     cheibrodos_frozen_isle, layout_rooms,
          lightli_vaults_fourway_checkpoint, uniq_rupert
D:14:     minmay_the_grid_3x2 [minmay_the_grid_square_x, minmay_the_grid_paths,
          minmay_the_grid_expand, minmay_the_grid_aliased_spiral,
          minmay_the_grid_broken_lines,
          minmay_the_grid_prize_four_corners_diamond_a], layout_rooms, hex_tiny,
          hive_lemuel, uniq_nessos, uniq_louise
D:15:     gammafunk_enter_depths_forms, layout_long_grid, serial_park_tiny_pond
Lair:1:   layout_small_grid, uniq_gastronok, uniq_joseph
Lair:2:   layout_roguey
Lair:3:   layout_small_grid, minmay_shoals_entry_lonely_mermaid,
          nicolae_volcano_entry_two_sided, minmay_holes
Lair:4:   layout_regular_city, minmay_snake_entry_guardpost_small,
          grunt_forest_large_clearing_hut, uniq_kirke, uniq_urug
Lair:5:   layout_regular_city, slime_altar_1, portal_ice_cave_entry_ice_beasts,
          gammafunk_ghost_icy, wad_woods_river_04, serial_bayou_shore_a
Lair:6:   evilmike_catoblepas_cave, layout_cave_pods, serial_rivers,
          chequers_serial_rivers_micro_c, chequers_serial_rivers_marsh,
          chequers_serial_rivers_micro_a, chequers_serial_rivers_small_b,
          chequers_serial_rivers_marsh, chequers_serial_rivers_large_a,
          minmay_lair_oklob_chamber
Shoals:1: layout_shoals, ebering_ghost_reflecting_pool, st_sunken_temple
Shoals:2: cheibrodos_shoals_gigantism, layout_shoals, uniq_ilsuiw, uniq_roxanne
Shoals:3: layout_shoals, lightli_airlock
Shoals:4: shoals_end_simple, layout_shoals, shoals_ilsuiw_ice,
          ebering_ghost_reflecting_pool, lemuel_oklob_altar
Snake:1:  layout_layer_cave, grunt_megastairs_5, lemuel_fruit_tree
Snake:2:  layout_misc_corridors, hangedman_snake_sidewinding
Snake:3:  layout_misc_corridors, nicolae_coiled_stairwell_up, uniq_azrael,
          uniq_aizul
Snake:4:  grunt_snake_rune_spirals, layout_onion, basic_altar, special_room,
          drop_trap
Orc:1:    layout_diamond_mine, ebering_ghost_xom
Orc:2:    st_orc_town, layout_caves, serial_shops,
          nicolae_shop_temple_entry_statues_fountains, uniq_donald
Elf:1:    elf_arrival_001, layout_geoelf_grid, hangedman_corner_corridor
Elf:2:    layout_gridlike, due_unseen_surprise
Elf:3:    nooodl_elf_gasket, layout_gridlike
Vaults:1: v_misc_28, hangedman_vaults_stitches,
          vaults_mumra_minichess_inversion, ontoclasm_vaults_eye,
          ontoclasm_vaults_gallery, nicolae_vaults_diagonal_hallway_6,
          layout_vaults_big_room
Vaults:2: advil_vaults_ghost_lines, minmay_crypt_entry_simple_box,
          vaults_dpeg_hooks, vaults_mumra_chevron, grunt_vaults_funnel,
          vaults_room_fancy_cross, vaults_dpeg_cross, serial_ice_g, v_misc_19,
          vaults_standard_mumra_x, v_misc_28, layout_vaults_quadrants,
          serial_shops, shop, shop
Vaults:3: ontoclasm_vaults_bender, vaults_room_fours,
          nicolae_vaults_twisting_passages, ontoclasm_vaults_fire_temple,
          hangedman_vaults_restitches, v_pattern_3, hangedman_vaults_slice,
          ontoclasm_vaults_twist, layout_vaults_omnicross

Skill      XL: |  1  2  3  4  5  6  7  8  9 10 11 12 13 14 15 16 17 18 19 20 21 22 23 |
---------------+----------------------------------------------------------------------+-----
Axes           | 4 5 6 8 9 10 11 13 15 18 20 24 26 | 26.0
Fighting       | 4 5 6 8 10 12 13 15 17 18 19 21 22 | 22.0
Armour         | 3 4 6 7 10 11 12 13 14 15 16 17 18 | 18.6
Evocations     | 5 7 9 10 11 12 | 12.7
Dodging        | 4 7 9 10 12 13 | 13.9
Slings         | 10 14 | 14.0

Action                   |  1- 3 |  4- 6 |  7- 9 | 10-12 | 13-15 | 16-18 | 19-21 | 22-24 || total
-------------------------+-------+-------+-------+-------+-------+-------+-------+-------++-------
Melee: Hand axe          |    16 |    52 |   302 |   344 |       |       |       |       ||   714
       Headbutt          |     1 |    14 |    71 |   130 |   234 |   276 |   168 |   140 ||  1034
       Battleaxe         |       |       |       |   180 |   995 |   873 |   259 |       ||  2307
       Broad axe         |       |       |       |       |     3 |   118 |       |       ||   121
       Executioner's axe |       |       |       |       |       |    23 |   360 |   418 ||   801
 Fire: Hunting sling     |    70 |   121 |    68 |       |       |       |       |       ||   259
       Fustibalus        |       |       |       |       |       |   640 |   334 |       ||   974
Throw: Stone             |     7 |       |     1 |     2 |    20 |    14 |     4 |     1 ||    49
       Boomerang         |       |       |       |       |     6 |     3 |       |       ||     9
       Javelin           |       |       |       |       |     1 |    18 |       |       ||    19
       Throwing net      |       |       |       |       |     1 |       |       |       ||     1
Invok: Berserk           |     1 |     3 |     9 |    13 |     6 |     3 |     1 |     2 ||    38
       Trog's Hand       |       |     2 |     7 |     6 |     9 |    13 |     9 |     5 ||    51
       Brothers in Arms  |       |       |       |       |     2 |     3 |       |       ||     5
Evoke: Wand              |       |       |       |       |    15 |    18 |     1 |       ||    34
       Condenser vane    |       |       |       |       |       |     8 |     2 |       ||    10
       Phial of floods   |       |       |       |       |       |     1 |       |       ||     1
       Tin of tremorston |       |       |       |       |       |     2 |     5 |       ||     7
  Use: Scroll            |       |       |    16 |     6 |     9 |    10 |     7 |       ||    48
       Potion            |       |       |       |     1 |     1 |     4 |     5 |       ||    11
 Stab: Distracted        |       |       |       |       |       |     1 |       |       ||     1
Armor: Animal skin       |     2 |       |       |       |       |       |       |       ||     2
       Ring mail         |       |    14 |       |       |       |       |       |       ||    14
       Chain mail        |       |     9 |   142 |    33 |    51 |       |       |       ||   235
       Plate armour      |       |       |       |   224 |   444 |   626 |   430 |   207 ||  1931
Dodge: Dodged            |    17 |    44 |   110 |   139 |   341 |   529 |   402 |   280 ||  1862
Block: Buckler           |       |       |    20 |    45 |       |       |       |       ||    65

Table legend: (Time is in decaauts)
 A = Elapsed time spent in this place.
 B = Non-inter-level travel time spent in this place.
 C = Inter-level travel time spent in this place.
 D = Time resting spent in this place.
 E = Time spent auto-exploring this place.
 F = Levels seen in this place.
 G = Mean time per level.
                   A        B        C        D        E       F      G
               +--------+--------+--------+--------+--------+-----+--------+
         Total |  50249 |  46111 |   4138 |   8501 |  28465 |  41 | 1225.6 |
       Dungeon |  16699 |  15199 |   1500 |   1858 |  10590 |  15 | 1113.3 |
          Lair |   8820 |   7464 |   1356 |   1060 |   5451 |   6 | 1470.0 |
        Shoals |   6459 |   6076 |    383 |   1973 |   2705 |   4 | 1614.8 |
     Snake Pit |   8073 |   7812 |    261 |   2337 |   3805 |   4 | 2018.2 |
  Orcish Mines |   1941 |   1603 |    338 |    188 |   1013 |   2 |  970.5 |
   Elven Halls |   4087 |   3843 |    244 |    718 |   2130 |   3 | 1362.3 |
        Vaults |   2759 |   2705 |     54 |    165 |   1931 |   3 |  919.7 |
         Abyss |      5 |      5 |      0 |      0 |      0 |   1 |    5.0 |
         Trove |     66 |     66 |      0 |      0 |      4 |   1 |   66.0 |
      Ice Cave |    770 |    770 |      0 |    120 |    451 |   1 |  770.0 |
       Volcano |    564 |    564 |      0 |     80 |    383 |   1 |  564.0 |
               +--------+--------+--------+--------+--------+-----+--------+

Top non-repeatable levels by time:
 Snake:4: 3109 daAuts
 Snake:3: 2266 daAuts
     D:9: 2254 daAuts
   Elf:3: 1944 daAuts
Shoals:4: 1845 daAuts
  Lair:2: 1774 daAuts
    D:11: 1769 daAuts
Shoals:1: 1724 daAuts
  Lair:3: 1666 daAuts
 Snake:2: 1559 daAuts
  Lair:1: 1558 daAuts
Shoals:2: 1486 daAuts
Vaults:2: 1477 daAuts
  Lair:4: 1460 daAuts
Shoals:3: 1403 daAuts
